TOP OF THE 1ST |
Peoria Chiefs batting - Pitching for Dayton Dragons : LHP Suk-jin Sok
|
Pitching: LHP Suk-jin Sok
|
|
Batting: RHB Fekadu Alhaadi
|
0-0: Called Strike 0-1: Swinging Strike 0-2: Foul Ball, location: 2F 0-2: Ground out 6-3 (Groundball, 6, EV 80.0 MPH)
|
Batting: RHB Richard Riggs
|
0-0: Called Strike 0-1: Ball 1-1: SINGLE (Groundball, 6MD, EV 96.9 MPH)
|
Batting: RHB Pat Scaturro
|
0-0: Ball 1-0: Swinging Strike 1-1: Swinging Strike 1-2: Ball 2-2: Ball 3-2: Strikes out swinging Richard Riggs steals 2nd base Batter strikes out.
|
Batting: RHB John Peterson
|
0-0: Swinging Strike Passed Ball! Richard Riggs to third 0-1: Swinging Strike Passed Ball! Richard Riggs scores 0-2: Ball 1-2: Ball 2-2: Strikes out swinging
|
Top of the 1st over - 1 run, 1 hit, 0 errors, 0 left on base; Peoria 1 - Dayton 0 |
BOTTOM OF THE 1ST |
Dayton Dragons batting - Pitching for Peoria Chiefs : LHP Danny Rivera
|
Pitching: LHP Danny Rivera
|
|
Batting: LHB Keith Egan
|
0-0: Called Strike 0-1: Swinging Strike 0-2: Ground out 6-3 (Groundball, 4MS, EV 86.2 MPH)
|
Batting: RHB Randy Grewe
|
0-0: Fly out, F9 (Flyball, 9S, EV 88.1 MPH)
|
Batting: RHB Danny Real
|
0-0: Foul Ball, location: 2F 0-1: Foul Ball, location: 2F 0-2: Ball 1-2: Ball 2-2: Foul Ball, location: 2F 2-2: Foul Ball, location: 2F 2-2: Strikes out swinging
|
Bottom of the 1st over - 0 runs, 0 hits, 0 errors, 0 left on base; Peoria 1 - Dayton 0 |
TOP OF THE 2ND |
Peoria Chiefs batting - Pitching for Dayton Dragons : LHP Suk-jin Sok
|
Batting: RHB Tyler Walker
|
0-0: Called Strike 0-1: Foul Ball, location: 2F 0-2: Ball 1-2: Ball 2-2: Reached on error, E2 (Groundball, 2R, EV 68.8 MPH)
|
Batting: RHB Tim Cleary
|
0-0: Ball 1-0: Ball 2-0: Ground out 4-3 (Groundball, 4, EV 80.6 MPH) Tyler Walker to third
|
Batting: LHB Ken Compton
|
0-0: Called Strike 0-1: Foul Ball, location: 2F 0-2: Ball 1-2: Ground out U3 (Groundball, 34S, EV 85.0 MPH) Tyler Walker scores
|
Batting: SHB Hank Arias
|
0-0: Fly out, F8 (Line Drive, 8LM, EV 93.8 MPH)
|
Top of the 2nd over - 1 run, 0 hits, 1 error, 0 left on base; Peoria 2 - Dayton 0 |
BOTTOM OF THE 2ND |
Dayton Dragons batting - Pitching for Peoria Chiefs : LHP Danny Rivera
|
Batting: SHB Tim Utz
|
0-0: Ball 1-0: Swinging Strike 1-1: Swinging Strike 1-2: Ball 2-2: Strikes out swinging
|
Batting: RHB Mark Williams
|
0-0: Called Strike 0-1: Ball 1-1: Foul Ball, location: 2F 1-2: Ball 2-2: Strikes out swinging
|
Batting: RHB Frank Moron
|
0-0: Called Strike 0-1: Foul Ball, location: 2F 0-2: Ball 1-2: Ball 2-2: Ball 3-2: Foul Ball, location: 2F 3-2: Base on Balls
|
Batting: RHB Juan Zamora
|
0-0: Foul Ball, location: 2F 0-1: Foul Ball, location: 2F 0-2: Ball Wild Pitch! Frank Moron to second 1-2: Foul Ball, location: 2F 1-2: Foul Ball, location: 2F 1-2: Ball 2-2: Foul Ball, location: 2F 2-2: Foul Ball, location: 2F 2-2: Foul Ball, location: 2F 2-2: Strikes out swinging
|
Bottom of the 2nd over - 0 runs, 0 hits, 0 errors, 1 left on base; Peoria 2 - Dayton 0 |
TOP OF THE 3RD |
Peoria Chiefs batting - Pitching for Dayton Dragons : LHP Suk-jin Sok
|
Batting: RHB Bernard Claude
|
0-0: Swinging Strike 0-1: Ball 1-1: Called Strike 1-2: Strikes out swinging
|
Batting: RHB Fekadu Alhaadi
|
0-0: Ball 1-0: Foul Ball, location: 2F 1-1: Ground out 5-3 (Groundball, 56S, EV 88.1 MPH)
|
Batting: RHB Richard Riggs
|
0-0: Ball 1-0: Ground out U3 (Groundball, 3, EV 93.1 MPH)
|
Top of the 3rd over - 0 runs, 0 hits, 0 errors, 0 left on base; Peoria 2 - Dayton 0 |
BOTTOM OF THE 3RD |
Dayton Dragons batting - Pitching for Peoria Chiefs : LHP Danny Rivera
|
Batting: RHB Kevin Larner
|
0-0: Swinging Strike 0-1: Foul Ball, location: 2F 0-2: Strikes out swinging
|
Batting: RHB Cyd Carver
|
0-0: Ball 1-0: Foul Ball, location: 2F 1-1: Swinging Strike 1-2: Strikes out swinging
|
Batting: LHB Keith Egan
|
0-0: Ball 1-0: Ball 2-0: SINGLE (Line Drive, 4M, EV 98.1 MPH)
|
Batting: RHB Randy Grewe
|
0-0: Called Strike Keith Egan is caught stealing 2nd base 2-4
|
Bottom of the 3rd over - 0 runs, 1 hit, 0 errors, 0 left on base; Peoria 2 - Dayton 0 |
TOP OF THE 4TH |
Peoria Chiefs batting - Pitching for Dayton Dragons : LHP Suk-jin Sok
|
Batting: RHB Pat Scaturro
|
0-0: Called Strike 0-1: Ball 1-1: Ball 2-1: Ball 3-1: Called Strike 3-2: Strikes out swinging
|
Batting: RHB John Peterson
|
0-0: Foul Ball, location: 2F 0-1: Ball 1-1: Fly out, F8 (Flyball, 8RD, EV 99.4 MPH)
|
Batting: RHB Tyler Walker
|
0-0: Foul Ball, location: 2F 0-1: Ball 1-1: Ground out U3 (Groundball, 34, EV 86.2 MPH)
|
Top of the 4th over - 0 runs, 0 hits, 0 errors, 0 left on base; Peoria 2 - Dayton 0 |
BOTTOM OF THE 4TH |
Dayton Dragons batting - Pitching for Peoria Chiefs : LHP Danny Rivera
|
Batting: RHB Randy Grewe
|
0-0: Called Strike 0-1: Swinging Strike 0-2: Ball 1-2: Ball 2-2: Ball 3-2: Foul Ball, location: 2F 3-2: Foul Ball, location: 2F 3-2: Strikes out looking
|
Batting: RHB Danny Real
|
0-0: Called Strike 0-1: Foul Ball, location: 2F 0-2: Strikes out swinging
|
Batting: SHB Tim Utz
|
0-0: Called Strike 0-1: Ball 1-1: Ball 2-1: Called Strike 2-2: Strikes out swinging
|
Bottom of the 4th over - 0 runs, 0 hits, 0 errors, 0 left on base; Peoria 2 - Dayton 0 |
TOP OF THE 5TH |
Peoria Chiefs batting - Pitching for Dayton Dragons : LHP Suk-jin Sok
|
Batting: RHB Tim Cleary
|
0-0: Called Strike 0-1: Ball 1-1: Ball 2-1: SINGLE (Groundball, 56D, EV 101.2 MPH) (infield hit)
|
Batting: LHB Ken Compton
|
0-0: Ground out 2-3 (Groundball, 2L, EV 67.5 MPH) Tim Cleary to second
|
Batting: SHB Hank Arias
|
0-0: Ground out 5-3 (Groundball, 56S, EV 70.0 MPH) Tim Cleary to third
|
Batting: RHB Bernard Claude
|
0-0: Ball 1-0: Swinging Strike 1-1: Foul Ball, location: 2F 1-2: Foul Ball, location: 2F 1-2: Strikes out looking
|
Top of the 5th over - 0 runs, 1 hit, 0 errors, 1 left on base; Peoria 2 - Dayton 0 |
BOTTOM OF THE 5TH |
Dayton Dragons batting - Pitching for Peoria Chiefs : LHP Danny Rivera
|
Batting: RHB Mark Williams
|
0-0: Ball 1-0: Swinging Strike 1-1: Ground out 1-3 (Groundball, 15S, EV 69.4 MPH)
|
Batting: RHB Frank Moron
|
0-0: Called Strike 0-1: Called Strike 0-2: Hit by Pitch
|
Batting: RHB Juan Zamora
|
0-0: Foul Ball, location: 2F 0-1: Ball 1-1: Ball 2-1: Grounds into double play, 3-6-3 (Groundball, 34, EV 104.4 MPH)
|
Bottom of the 5th over - 0 runs, 0 hits, 0 errors, 0 left on base; Peoria 2 - Dayton 0 |
TOP OF THE 6TH |
Peoria Chiefs batting - Pitching for Dayton Dragons : LHP Suk-jin Sok
|
Batting: RHB Fekadu Alhaadi
|
0-0: Ball 1-0: Swinging Strike 1-1: Ball 2-1: Fly out, F9 (Flyball, 9, EV 81.2 MPH)
|
Batting: RHB Richard Riggs
|
0-0: Ground out 1-4-3 (Groundball, 15S, EV 97.5 MPH)
|
Batting: RHB Pat Scaturro
|
0-0: Fly out, F7 (Line Drive, 78M, EV 95.6 MPH)
|
Top of the 6th over - 0 runs, 0 hits, 0 errors, 0 left on base; Peoria 2 - Dayton 0 |
BOTTOM OF THE 6TH |
Dayton Dragons batting - Pitching for Peoria Chiefs : LHP Danny Rivera
|
Batting: RHB Kevin Larner
|
0-0: Called Strike 0-1: Ground out 5-3 (Groundball, 5, EV 91.9 MPH)
|
Batting: RHB Cyd Carver
|
0-0: Swinging Strike 0-1: Called Strike 0-2: Ball 1-2: Foul Ball, location: 2F 1-2: Foul Ball, location: 2F 1-2: Strikes out swinging
|
Batting: LHB Keith Egan
|
0-0: Ball 1-0: Swinging Strike 1-1: Called Strike 1-2: Ball 2-2: Ground out 6-3 (Groundball, 6, EV 97.5 MPH)
|
Bottom of the 6th over - 0 runs, 0 hits, 0 errors, 0 left on base; Peoria 2 - Dayton 0 |
TOP OF THE 7TH |
Peoria Chiefs batting - Pitching for Dayton Dragons : LHP Suk-jin Sok
|
Batting: RHB John Peterson
|
0-0: Called Strike 0-1: Ball 1-1: Ball 2-1: Fly out, F7 (Flyball, 78XD, EV 87.5 MPH)
|
Batting: RHB Tyler Walker
|
0-0: Foul Ball, location: 2F 0-1: Called Strike 0-2: Ball 1-2: Ball 2-2: Strikes out swinging
|
Batting: RHB Tim Cleary
|
0-0: DOUBLE (Groundball, 3L, EV 105.0 MPH)
|
Batting: LHB Ken Compton
|
0-0: Ball 1-0: Fly out, F9 (Line Drive, 9, EV 91.9 MPH)
|
Top of the 7th over - 0 runs, 1 hit, 0 errors, 1 left on base; Peoria 2 - Dayton 0 |
BOTTOM OF THE 7TH |
Dayton Dragons batting - Pitching for Peoria Chiefs : LHP Danny Rivera
|
Pitching: RHP Kohsuke Naito
|
|
Batting: RHB Randy Grewe
|
0-0: Called Strike 0-1: Ground out U3 (Groundball, 3, EV 98.1 MPH)
|
Batting: RHB Danny Real
|
0-0: Swinging Strike 0-1: Ball 1-1: Ball 2-1: Fly out, F7 (Flyball, 8LM, EV 84.4 MPH)
|
Batting: SHB Tim Utz
|
0-0: Ball 1-0: Foul Ball, location: 2F 1-1: Ball 2-1: Called Strike 2-2: Ground out U3 (Groundball, 3, EV 82.5 MPH)
|
Bottom of the 7th over - 0 runs, 0 hits, 0 errors, 0 left on base; Peoria 2 - Dayton 0 |
TOP OF THE 8TH |
Peoria Chiefs batting - Pitching for Dayton Dragons : LHP Suk-jin Sok
|
Batting: SHB Hank Arias
|
0-0: Ball 1-0: Ball 2-0: Foul Ball, location: 2F 2-1: Ball 3-1: Base on Balls
|
Batting: RHB Bernard Claude
|
0-0: Called Strike 0-1: Ball 1-1: Sac Bunt to 25 - play at first, batter OUT! 5-3 Hank Arias to second
|
Batting: RHB Fekadu Alhaadi
|
0-0: Called Strike 0-1: 2-RUN HOME RUN (Line Drive, 78XD, EV 98.8 MPH), Distance : 399 ft
|
Batting: RHB Richard Riggs
|
0-0: Called Strike 0-1: Ground out U3 (Groundball, 34, EV 85.0 MPH)
|
Batting: RHB Pat Scaturro
|
0-0: Swinging Strike 0-1: Fly out, F9 (Flyball, 9, EV 75.6 MPH)
|
Top of the 8th over - 2 runs, 1 hit, 0 errors, 0 left on base; Peoria 4 - Dayton 0 |
BOTTOM OF THE 8TH |
Dayton Dragons batting - Pitching for Peoria Chiefs : RHP Kohsuke Naito
|
Batting: RHB Mark Williams
|
0-0: Called Strike 0-1: Ball 1-1: Swinging Strike 1-2: Strikes out swinging
|
Batting: RHB Frank Moron
|
0-0: Ball 1-0: Ball 2-0: Ball 3-0: Called Strike 3-1: Swinging Strike 3-2: SOLO HOME RUN (Flyball, 78XD, EV 106.2 MPH), Distance : 391 ft
|
Batting: RHB Juan Zamora
|
0-0: Ball 1-0: Called Strike 1-1: Ball 2-1: Ball 3-1: Base on Balls
|
Batting: RHB Kevin Larner
|
0-0: Ball 1-0: Fielders Choice at 2nd, 6-4 (Groundball, 6, EV 83.8 MPH)
|
Pinch Hitting: LHB Fernando Gomez
|
0-0: Called Strike 0-1: Called Strike 0-2: Ground out 4-3 (Groundball, 34D, EV 105.6 MPH)
|
Bottom of the 8th over - 1 run, 1 hit, 0 errors, 1 left on base; Peoria 4 - Dayton 1 |
TOP OF THE 9TH |
Peoria Chiefs batting - Pitching for Dayton Dragons : LHP Suk-jin Sok
|
Now at 2B: Fernando Gomez
|
|
Batting: RHB John Peterson
|
0-0: Ball 1-0: Ball 2-0: Ground out 5-3 (Groundball, 56S, EV 86.2 MPH)
|
Batting: RHB Tyler Walker
|
0-0: Ball 1-0: Called Strike 1-1: Foul Ball, location: 2F 1-2: Ball 2-2: Ball 3-2: Base on Balls
|
Batting: RHB Tim Cleary
|
0-0: Fly out, F6 (Popup, 15, EV 78.1 MPH)
|
Pitching: RHP Matt Knowles
|
|
Batting: LHB Ken Compton
|
0-0: Ball 1-0: Called Strike 1-1: Called Strike 1-2: Ball 2-2: Ball 3-2: Strikes out looking
|
Top of the 9th over - 0 runs, 0 hits, 0 errors, 1 left on base; Peoria 4 - Dayton 1 |
BOTTOM OF THE 9TH |
Dayton Dragons batting - Pitching for Peoria Chiefs : RHP Kohsuke Naito
|
Pitching: RHP Mike Pemble
|
|
Batting: LHB Keith Egan
|
0-0: Called Strike 0-1: Ground out 6-3 (Groundball, 6, EV 90.6 MPH)
|
Batting: RHB Randy Grewe
|
0-0: Ball 1-0: Ball 2-0: Called Strike 2-1: Swinging Strike 2-2: Strikes out swinging
|
Batting: RHB Danny Real
|
0-0: Ball 1-0: Foul Ball, location: 2F 1-1: Called Strike 1-2: Foul Ball, location: 2F 1-2: Ball 2-2: Foul Ball, location: 2F 2-2: Strikes out swinging
|
Bottom of the 9th over - 0 runs, 0 hits, 0 errors, 0 left on base; Peoria 4 - Dayton 1 |
|